 Dungeon Crawl Stone Soup version 0.29.1-2-gbd0b4ee654 (webtiles) character file.

Game seed: 10589432931479340807

340 styxcanada the Covert (level 6, -1/30 HPs)
             Began as a Spriggan Brigand on Nov 18, 2022.
             Succumbed to Duvessa's poison
             ... on level 4 of the Dungeon on Nov 20, 2022.
             The game lasted 00:17:54 (4080 turns).

styxcanada the Covert (Spriggan Brigand)            Turns: 4080, Time: 00:17:54

Health: -1/30      AC:  3    Str:  7    XL:     6   Next: 30%
Magic:  7/7        EV: 22    Int: 12    God:
Gold:   291        SH:  0    Dex: 19    Spells: 5/5 levels left

rFire   . . .      SeeInvis +   a - +2 dagger
rCold   . . .      Faith    .   (no shield)
rNeg    . . .      Spirit   .   b - +0 robe
rPois   .          Reflect  .   (helmet restricted)
rElec   .          Harm     .   c - +0 cloak
rCorr   .          Rampage  .   (gloves unavailable)
Will    +....                   (boots unavailable)
Stlth   ++++......              (no amulet)
HPRegen 0.10/turn               t - +4 ring of evasion
MPRegen 0.10/turn               (no ring)

@: lethally poisoned (-1 -> -23), very quick
A: very small, no large weapons, unfitting armour, see invisible, speed 3
a: no special abilities


You were on level 4 of the Dungeon.
You visited 1 branch of the dungeon, and saw 4 of its levels.

You collected 291 gold pieces.

Inventory:

Hand Weapons
 a - a +2 dagger (weapon)
Missiles
 d - 9 poisoned darts (quivered)
 e - 3 curare-tipped darts
 f - 43 stones
Armour
 b - a +0 robe (worn)
 c - a +0 cloak (worn)
Jewellery
 t - a +4 ring of evasion (left hand)
Scrolls
 o - a scroll of magic mapping
 q - a scroll of vulnerability
 u - a scroll of enchant armour {unknown}
Potions
 g - a potion of berserk rage {unknown}
 h - a potion of haste
 i - a potion of might
 j - a potion of curing
 l - a potion of cancellation
 n - a potion of mutation
 r - a potion of heal wounds {unknown}
 s - 3 potions of lignification {unknown}


   Skills:
 * Level 2.3 Fighting
 + Level 3.4 Short Blades
 + Level 2.8 Throwing
 * Level 3.3 Dodging
 * Level 9.3 Stealth


You had 5 spell levels left.
You didn't know any spells.
Your spell library contained the following spells:

 Spells                   Type           Power      Damage    Failure   Level
 Gell's Gravitas          Tloc           0%         N/A       69%         3
 Teleport Other           Tloc           0%         N/A       69%         3
 Dispersal                Tloc           0%         N/A       100%        6


Dungeon Overview and Level Annotations

Branches:
Dungeon (4/15)             Temple (0/1) D:4

Altars:
Ashenzari
Fedhas
Kikubaaqudgha
Okawaru
Sif Muna
Xom
Zin

Annotations:
D:4 Duvessa, Pikel


Innate Abilities, Weirdness & Mutations

You are very small and have problems with some larger weapons.
You are too small for most types of armour.
You have supernaturally acute eyesight. (SInv)
You cover ground extremely quickly. (Speed+++)


Message History

Duvessa goes berserk!
An ufetubus comes into view.
You hear a shout!
You hear an angry hiss.
You see here 10 gold pieces.
The ufetubus shouts!
A ball python comes into view.
The ball python hisses angrily.
You hit the ufetubus. Your punch misses the ufetubus.
The ufetubus is heavily wounded.
The ufetubus closely misses you.
The ufetubus hits you but does no damage.
You hit the ufetubus.
The ufetubus is almost dead.
The ufetubus completely misses you. The ufetubus barely misses you.
Duvessa rages.
You closely miss the ufetubus.
The ufetubus is almost dead.
The ufetubus completely misses you. x2
A scorpion comes into view.
You closely miss the ufetubus.
The ufetubus is almost dead.
The ufetubus completely misses you. The ufetubus closely misses you.
Duvessa hits you with a +1 rapier of venom!
You are lethally poisoned!
The ufetubus hits you. The ufetubus misses you.
You closely miss the ufetubus.
The ufetubus is almost dead.
You feel very sick.
Duvessa looks more healthy.
Duvessa hits you with a +1 rapier of venom.
* * * LOW HITPOINT WARNING * * *
You are more poisoned.
The ufetubus closely misses you. The ufetubus barely misses you.
* * * LOW HITPOINT WARNING * * *
You feel very sick. The ufetubus misses you. x2
An endoplasm comes into view.
* * * LOW HITPOINT WARNING * * *
You feel very sick.
You die...

,,,,**,*,,,,#.#.........###...##.
,,,,,,,*,**,#.#.#.....s##.#....##
,,,,*,,,,,.,....#..#...!..e.#....
,,,,*,*,*,#.##....##..##.#..#..##
,,,,,,*,*,#...,#......#..#.##.##.
,,,,,,,,,,...J.#...S..$.......#.8
,,,,**,*,>,*,#...5..##.......##..
,,,,,,,*,..#.#.##.e..........##.8
,,,,*,,,,#......@.###....##..###.
*,,,*,**,#.##.#..........##..#*##
*,,,,,,,,,,,,,#...?....#####...,,
*,,,*,*,*,**,...#....### #####*
,,,,*,*,*,,,,##.#...##
,,,,,,,,,,,,,,....###
,,,,,,,,,,,,,..####
**,,*,**,**,,..,*
**********,,,,,*


You could see Duvessa (berserk), a scorpion, an ufetubus and a ball python.

Vanquished Creatures
  Dowan (D:4)
  2 hounds (D:4)
  A jelly (D:3)
  An iguana (D:4)
  Jessica (D:2)
  4 gnolls (D:4)
  2 adders (D:4)
  2 worms
  2 dart slugs (D:1)
  6 ball pythons
  5 bats
  7 endoplasms
  6 giant cockroaches
  5 goblins
  5 hobgoblins
  7 jackals
  4 quokkas
  14 frilled lizards (D:2)
  5 kobolds
  6 rats
86 creatures vanquished.

Vanquished Creatures (others)
  A plant (D:2)
1 creature vanquished.

Grand Total: 87 creatures vanquished

Notes
Turn   | Place    | Note
-------+----------+-------------------------------------------
     0 | D:1      | styxcanada the Spriggan Brigand began the quest for the
                  | Orb.
     0 | D:1      | Reached XP level 1. HP: 10/10 MP: 2/2
   198 | D:1      | Reached skill level 6 in Stealth
   396 | D:1      | Reached XP level 2. HP: 11/14 MP: 3/3
   950 | D:1      | Reached skill level 7 in Stealth
  1123 | D:1      | Reached XP level 3. HP: 18/18 MP: 4/4
  1597 | D:2      | Found a faded altar of an unknown god.
  2099 | D:2      | Noticed Jessica
  2127 | D:2      | Killed Jessica
  2128 | D:2      | Reached XP level 4. HP: 6/23 MP: 5/5
  2944 | D:3      | Reached skill level 8 in Stealth
  3002 | D:3      | Reached XP level 5. HP: 25/26 MP: 6/6
  3009 | D:3      | Found an iron altar of Okawaru.
  3009 | D:3      | Found a shimmering blue altar of Sif Muna.
  3219 | D:3      | Identified the +0 chain mail of Gravitas {rElec}
  3242 | D:3      | Found a blossoming altar of Fedhas.
  3544 | D:4      | Noticed Dowan
  3553 | D:4      | Noticed Duvessa
  3603 | D:4      | Killed Dowan
  3604 | D:4      | Reached skill level 9 in Stealth
  3604 | D:4      | Reached XP level 6. HP: 17/30 MP: 7/7
  3759 | D:4      | Noticed Pikel
  3977 | D:4      | Found a glowing silver altar of Zin.
  4034 | D:4      | Found a shimmering altar of Xom.
  4039 | D:4      | Found a broken altar of Ashenzari.
  4049 | D:4      | Found an ancient bone altar of Kikubaaqudgha.
  4080 | D:4      | Succumbed to Duvessa's poison

Illustrated notes

Levels and vault maps discovered:
D:1:      dpeg_arrival_solitude, layout_basic, minivault_14
D:2:      layout_basic, hellmonk_ecumenical_altar_dog_temple,
          minmay_lizard_king, uniq_jessica
D:3:      layout_loops_ring, fedhas_altar_4, nicolae_overflow_two_pavilions
D:4:      layout_cave_pools, grunt_temple_overflow_cloverleaf,
          minmay_temple_entry_ruins, columned_hall_lemuel,
          minmay_misc_feat_hallway, hangedman_decor_slide_cut, uniq_pikel,
          uniq_duvessa

Skill      XL: |  1  2  3  4  5 |
---------------+----------------+-----
Stealth        | 6 7 8 9 |  9.3
Dodging        | 2 3 |  3.3
Short Blades   | 3 |  3.4
Fighting       | 2 |  2.3
Throwing       | |  2.8

Action                   |  1- 3 |  4- 6 || total
-------------------------+-------+-------++-------
Melee: Dagger            |   124 |    75 ||   199
       Punch             |       |     1 ||     1
Throw: Dart              |    19 |    37 ||    56
       Stone             |       |     1 ||     1
  Use: Scroll            |       |    10 ||    10
 Stab: Sleeping          |    11 |    10 ||    21
Armor: Robe              |    25 |     3 ||    28
Dodge: Dodged            |    93 |    61 ||   154
